 Dungeon Crawl Stone Soup version 0.26-a0-639-g72c4674329 (webtiles) character file.

Game seed: 5107823521970524914

44 Borgoz the Chopper (level 3, -2/33 HPs)
             Began as a Hill Orc Berserker on Sept 19, 2020.
             Was a Follower of Trog.
             Slain by a worm (7 damage)
             ... on level 2 of the Dungeon.
             The game lasted 00:00:53 (1979 turns).

Borgoz the Chopper (Hill Orc Berserker)             Turns: 1979, Time: 00:00:54

Health: -2/33      AC:  2    Str: 19    XL:     3   Next: 62%
Magic:  3/3        EV: 12    Int:  7    God:    Trog [*.....]
Gold:   62         SH:  0    Dex: 11    Spells: 2/2 levels left

rFire    . . .     SeeInvis .   a - +0 hand axe
rCold    . . .     Faith    .   (no shield)
rNeg     . . .     Spirit   .   b - +0 animal skin
rPois    .         Reflect  .   (no helmet)
rElec    .         Harm     .   (no cloak)
rCorr    .         Rampage  .   (no gloves)
MR       .....                  (no boots)
Stlth    +.........             (no amulet)
HPRegen  0.11/turn              (no ring)
MPRegen  0.08/turn              (no ring)

@: berserk cooldown, slowed, very slow
A: no striking features
a: Berserk, Renounce Religion


You were on level 2 of the Dungeon.
You worshipped Trog.
Trog was aware of your devotion.
You visited 1 branch of the dungeon, and saw 2 of its levels.

You collected 62 gold pieces.

Inventory:

Hand Weapons
 a - a +0 hand axe (weapon)
Armour
 b - a +0 animal skin (worn)
Scrolls
 d - 2 scrolls of identify {unknown}
 e - a scroll of enchant armour {unknown}
 g - a scroll of teleportation {unknown}
 i - a scroll of remove curse {unknown}
 j - a scroll of fog {unknown}
Potions
 c - a potion of brilliance {unknown}
 f - 2 potions of cancellation {unknown}
 h - a potion of curing {unknown}


   Skills:
 + Level 4.1 Fighting
 + Level 4.6 Axes
 + Level 2.8 Armour
 + Level 2.0 Dodging


You had 2 spell levels left.
You didn't know any spells.
Your spell library was empty.

Dungeon Overview and Level Annotations

Branches:
Dungeon (2/15)

Altars:
Zin


Message History

Trog accepts your kill.
You hit the worm.
Found a golden potion.
You see here a +0 club.
You feel a strong urge to attack something.
The worm bites you!
* * * LOW HITPOINT WARNING * * *
You see here a +0 club.
You completely miss the worm.
The worm is almost dead.
The worm barely misses you.
You barely miss the worm.
The worm is severely wounded.
You are no longer berserk.
You are exhausted.
You feel yourself slow down.
You hit the worm.
The worm is almost dead.
The worm bites you!
You die...

. #.#.##.##.######
#......!##.#.##.##.#
#.......##.#.##.##.#
#.......##.#.##.##.#
................# .#
........##...####
........###..#
........###..#
#......@†...#
#......w...>#
#..........##
#..........#
#..........#
#..........#
#########.## #.#


You could see a worm.

Vanquished Creatures
  An adder (D:2)
  A dart slug (D:2)
  A leopard gecko (D:1)
  2 goblins
  4 hobgoblins
  12 jackals
  3 bats (D:1)
  2 frilled lizards (D:2)
  2 rats (D:1)
28 creatures vanquished.

Notes
Turn   | Place    | Note
-------+----------+-------------------------------------------
     0 | D:1      | Borgoz the Hill Orc Berserker began the quest for the Orb.
     0 | D:1      | Reached XP level 1. HP: 19/19 MP: 1/1
   438 | D:1      | Reached XP level 2. HP: 27/27 MP: 2/2
  1452 | D:2      | Reached XP level 3. HP: 31/33 MP: 3/3
  1880 | D:2      | Found a glowing silver altar of Zin.
  1979 | D:2      | Slain by a worm

Illustrated notes

Levels and vault maps discovered:
D:1:      nagdon_arrival_zigzag_paths, layout_basic, serial_corexii_hall,
          chequers_hall_statues_wall_a, corexii_hall_statues_i
D:2:      layout_basic, old_standard_altar, hex_medium, minmay_pentomino_z2,
          uniq_crazy_yiuf_cottage

Skill      XL: |  1  2  3 |
---------------+----------+-----
Fighting       | 4 |  4.1
Dodging        | 2 |  2.0
Axes           | |  4.6
Armour         | |  2.8

Action                   || total
-------------------------++-------
Melee: Hand axe          ||   103
Invok: Berserk           ||     2
Armor: Animal skin       ||    18
Dodge: Dodged            ||    82

Table legend: (Time is in decaauts)
 A = Elapsed time spent in this place.
 B = Non-inter-level travel time spent in this place.
 C = Inter-level travel time spent in this place.
 D = Time resting spent in this place.
 E = Time spent auto-exploring this place.
 F = Levels seen in this place.
 G = Mean time per level.
                   A        B        C        D        E       F      G
               +--------+--------+--------+--------+--------+-----+--------+
         Total |   1995 |   1991 |      4 |    999 |    815 |   2 |  997.5 |
       Dungeon |   1995 |   1991 |      4 |    999 |    815 |   2 |  997.5 |
               +--------+--------+--------+--------+--------+-----+--------+

Top non-repeatable levels by time:
     D:1: 1463 daAuts
     D:2: 532 daAuts
